 Dungeon Crawl Stone Soup version 0.22.1-1-ga44c0e56f4 (webtiles) character file.

163 Kaderl the Shield-Bearer (level 5, -5/41 HPs)
             Began as a Human Fighter on Sept 30, 2018.
             Slain by Grinder (6 damage)
             ... while paralysed by Grinder
             ... on level 3 of the Dungeon.
             The game lasted 00:06:33 (2758 turns).

Kaderl the Shield-Bearer (Human Fighter)            Turns: 2758, Time: 00:06:34

Health: -5/41      AC: 10    Str: 17    XL:     5   Next: 73%
Magic:  5/5        EV:  2    Int:  9    God:
Gold:   136        SH:  0    Dex: 12    Spells: 4/4 levels left

rFire    . . .     SeeInvis .   a - +0 flail
rCold    . . .     Gourm    .   c - +0 shield
rNeg     . . .     Faith    .   k - +0 chain mail
rPois    .         Spirit   .   n - +0 helmet
rElec    .         Reflect  .   (no cloak)
rCorr    .         Harm     .   (no gloves)
MR       .....                  (no boots)
Stlth    ..........             (no amulet)
HPRegen  0.13/turn              (no ring)
MPRegen  0.09/turn              (no ring)

@: paralysed, drained
A: no striking features
a: no special abilities


You were on level 3 of the Dungeon.
You were not hungry.

You visited 1 branch of the dungeon, and saw 3 of its levels.

You collected 136 gold pieces.

Inventory:

Hand Weapons
 a - a +0 flail (weapon)
Armour
 c - a +0 shield (worn)
 k - a +0 chain mail (worn)
 n - a +0 helmet (worn)
Scrolls
 b - a scroll of enchant armour {unknown}
 e - 4 scrolls of identify
 g - a scroll of fog {unknown}
 h - a scroll of enchant weapon {unknown}
 i - a scroll of amnesia {unknown}
 j - a scroll of remove curse {unknown}
Potions
 d - 2 potions of lignification {unknown}
 l - a potion of haste {unknown}
 m - a potion of flight {unknown}
 o - a potion of degeneration {unknown}
Comestibles
 f - 3 rations


   Skills:
 + Level 3.4(3.1) Fighting
 + Level 3.2(2.9) Maces & Flails
 + Level 3.8(3.5) Armour
 + Level 1.2(1.0) Dodging
 + Level 4.1(3.8) Shields


You had 4 spell levels left.
You didn't know any spells.
Your spell library was empty.

Dungeon Overview and Level Annotations

Branches:
Dungeon (3/15)

Altars:

Annotations:
D:3 Grinder


Message History

You hit the orc but do no damage.
The orc is heavily wounded.
The orc hits you but does no damage. You block the orc's attack.
You hit the orc.
You kill the orc!
You thump Grinder!
Grinder is heavily wounded.
Grinder hits you but does no damage. You block Grinder's attack.
You closely miss Grinder.
Grinder is heavily wounded.
Grinder gestures at you. You resist with significant effort.
You closely miss Grinder.
Grinder is heavily wounded.
Grinder gestures at you.
You suddenly lose the ability to move!
Grinder hits you.
* * * LOW HITPOINT WARNING * * *
You writhe in agony.
You die...

#.#.#§####.#.....
#.#....[.#....#§#
#.###)##.####.#..
#>..§(##.# .#..
####.(##.# .#5.
#.(##.# .#..
#...#.####+#+#
######.#.#.#.......
#.@5†.(#.#.#.......
#.######'#.#.......
#. #.....#.......
#. #.....#.......
#. #.....'.......
#. #....(#.......
#. ......###.......
############....÷..
#.......##.......


You could see Grinder.

Vanquished Creatures
  Terence (D:2)
  Robin (D:2)
  4 adders (D:3)
  A worm (D:3)
  A dart slug (D:1)
  3 leopard geckos
  An orc (D:3)
  3 giant cockroaches (D:1)
  20 goblins
  10 hobgoblins
  9 kobolds
  A quokka (D:2)
  A ball python (D:2)
  6 bats
  3 frilled lizards
  13 rats
78 creatures vanquished.

Notes
Turn   | Place    | Note
-------+----------+-------------------------------------------
     0 | D:1      | Kaderl the Human Fighter began the quest for the Orb.
     0 | D:1      | Reached XP level 1. HP: 18/18 MP: 1/1
    33 | D:1      | Reached XP level 2. HP: 12/24 MP: 2/2
   363 | D:1      | Reached XP level 3. HP: 28/29 MP: 3/3
  1204 | D:2      | Noticed Terence
  1256 | D:2      | Killed Terence
  1256 | D:2      | Reached skill level 1 in Dodging
  1256 | D:2      | Reached XP level 4. HP: 23/35 MP: 4/4
  1588 | D:2      | Noticed Robin
  1618 | D:2      | Killed Robin
  1618 | D:2      | Reached XP level 5. HP: 26/41 MP: 5/5
  2109 | D:3      | Reached skill level 4 in Shields
  2154 | D:3      | HP: 2/41 [poisoned by an adder]
  2707 | D:3      | Noticed Grinder
  2757 | D:3      | Paralysed by Grinder for 6 turns
  2758 | D:3      | HP: 1/41 [Grinder (4)]
  2758 | D:3      | Slain by Grinder

Skill      XL: |  1  2  3  4  5 |
---------------+----------------+-----
Dodging        | 1 |  1.2
Maces & Flails | 3 |  3.2
Shields        | 4 |  4.1
Fighting       | |  3.4
Armour         | |  3.8

Action                   |  1- 3 |  4- 6 || total
-------------------------+-------+-------++-------
Melee: Flail             |   131 |   218 ||   349
  Use: Scroll            |     1 |     1 ||     2
       Potion            |       |     2 ||     2
  Eat: Ration            |     1 |     1 ||     2
Armor: Scale mail        |    58 |       ||    58
       Chain mail        |    17 |   188 ||   205
Dodge: Dodged            |    51 |    73 ||   124
Block: Shield            |    95 |   127 ||   222
